 Dungeon Crawl Stone Soup version 0.30.0-18-gc0e69614cb (webtiles) character file.

Game seed: 12827455607210773495

811410 Yordlord the Axe Maniac (level 27, -5/245 HPs)
             Began as a Hill Orc Gladiator on May 8, 2023.
             Was a Follower of Uskayaw.
             Killed by divine providence
             ... invoked by a smoke demon
              (12 damage)
             ... in Pandemonium on May 25, 2023.
             The game lasted 06:42:46 (109899 turns).

Yordlord the Axe Maniac (Hill Orc Gladiator)      Turns: 109899, Time: 06:42:48

Health: -5/245     AC: 40    Str: 37    XL:     27
Magic:  29/40      EV: 14    Int:  7    God:    Uskayaw [*.....]
Gold:   7701       SH:  0    Dex: 18    Spells: 27/35 levels left

rFire   + . .        F - +8 broad axe (freeze)
rCold   + + +        R - +0 tower shield {reflect}
rNeg    + . .        a - +6 gold dragon scales
rPois   +            (helmet restricted)
rElec   +            s - scarf {rC+ rF+}
rCorr   +            b - +2 pair of gloves {Str+3}
SInv    +            G - +1 pair of boots
Will    +++..        U - amulet "Ceuduico" {Faith rN+ Will+} Stlth
                     Y - +6 ring of strength
HPRegen 0.60/turn    T - ring "Ypsaroergh" {Ice rElec rCorr SInv Stlth+}
MPRegen 0.27/turn

%: reflection, faith
@: confused, ambrosia-drunk, studying 3 skills, unable to drink
A: antennae 1, agile 1, frail 1, wild magic 2, no potion heal 1, inability to
drink after injury 2
}: 6/15 runes: decaying, slimy, silver, demonic, dark, gossamer
a: Renounce Religion, Stomp


You were in Pandemonium.
You worshipped Uskayaw.
Uskayaw was exalted by your worship.
You visited 12 branches of the dungeon, and saw 56 of its levels.
You visited Pandemonium 1 time, and saw 12 of its levels.
You visited the Abyss 2 times.
You also visited: Wizlab.

You collected 11828 gold pieces.
You spent 4127 gold pieces at shops.

Inventory:

Hand Weapons
 F - a +8 broad axe of freezing (weapon)
 S - the +1 broad axe "Usiafif" {protect, rF+ rC- rN+}
   (You found it on level 5 of the Pits of Slime)

   rF:        It protects you from fire.
   rC:        It makes you vulnerable to cold.
   rN:        It protects you from negative energy.
Missiles
 d - 5 throwing nets
 j - 12 boomerangs (quivered)
 o - 2 silver boomerangs
 r - 2 boomerangs of dispersal
 w - 18 javelins
 M - 19 silver javelins
Armour
 a - +6 gold dragon scales (worn)
 b - a +2 pair of gloves of strength (worn)
 c - a +0 helmet
 h - a +0 tower shield of protection
 s - a scarf of resistance (worn)
 t - the +7 plate armour of Qaptum {rElec Int+3 Dex-3 Slay+4}
   (You bought it in a shop on level 7 of the Dungeon)

   Int:       It affects your intelligence (+3).
   Dex:       It affects your dexterity (-3).
   Slay:      It affects your accuracy & damage with ranged weapons and melee
   (+4).
   rElec:     It insulates you from electricity.
 y - +3 fire dragon scales
 B - +0 pearl dragon scales
 G - a +1 pair of boots (worn)
 I - a +1 cloak of poison resistance
 R - a +0 tower shield of reflection (worn)
Jewellery
 A - a ring of flight
 D - the ring of Ru, Hammering {rC+ rN+ Will+ Int+3 Dex-2}
   (You found it on level 5 of the Pits of Slime)

   [ring of positive energy]

   Int:       It affects your intelligence (+3).
   Dex:       It affects your dexterity (-2).
   rC:        It protects you from cold.
   rN:        It protects you from negative energy.
   Will:      It increases your willpower.
 T - the ring "Ypsaroergh" (right hand) {Ice rElec rCorr SInv Stlth+}
   (You found it on level 9 of the Dungeon)

   [ring of ice]

   It enhances your ice magic.
   rF:        It makes you vulnerable to fire.
   rC:        It protects you from cold.
   rElec:     It insulates you from electricity.
   SInv:      It lets you see invisible.
   rCorr:     It protects you from acid and corrosion.
   Stlth:     It makes you more stealthy.
 U - the amulet "Ceuduico" (around neck) {Faith rN+ Will+}
   (You took it off an angel in Pandemonium)

   [amulet of faith]

   It allows you to gain divine favour quickly.
   rN:        It protects you from negative energy.
   Will:      It increases your willpower.
 Y - a +6 ring of strength (left hand)
Wands
 L - a wand of digging (32)
Scrolls
 i - 8 scrolls of blinking
 l - 14 scrolls of fog
 p - 14 scrolls of teleportation
 u - 11 scrolls of magic mapping
 x - a scroll of brand weapon
 C - 4 scrolls of silence
 V - 5 scrolls of summoning
 W - 4 scrolls of fear
 X - a scroll of amnesia
Potions
 e - 5 potions of magic
 f - 39 potions of curing
 g - 6 potions of ambrosia
 k - 9 potions of haste
 m - 7 potions of heal wounds
 n - 11 potions of attraction
 q - 8 potions of berserk rage
 v - 14 potions of flight
 z - 10 potions of invisibility
 E - 13 potions of cancellation
 H - 6 potions of brilliance
 K - 4 potions of resistance
 N - 9 potions of might
 P - 11 potions of lignification
 Q - 11 potions of mutation
Miscellaneous
 J - a lightning rod (4/4)
 O - a condenser vane
 Z - a phantom mirror


   Skills:
 O Level 27 Fighting
 O Level 27 Axes
 * Level 20.6 Throwing
 O Level 27 Armour
 * Level 10.7 Dodging
 O Level 27 Shields
 * Level 4.8 Spellcasting
 * Level 3.0 Necromancy
 O Level 27 Invocations


You had 27 spell levels left.
You knew the following spells:

 Your Spells              Type           Power      Damage    Failure   Level
a - Borgnjor's Revivific  Necr           4%         N/A       100%        8

Your spell library contained the following spells:

 Spells                   Type           Power      Damage    Failure   Level
 Necrotise                Necr           36%        1d5       50%         1
 Sublimation of Blood     Necr           9%         N/A       63%         2
 Kiss of Death            Conj/Necr      24%        2d7       69%         1
 Vampiric Draining        Necr           9%         2d6       83%         3
 Apportation              Tloc           4%         N/A       87%         1
 Foxfire                  Conj/Fire      8%         2x1d4     87%         1
 Freeze                   Ice            16%        1d4       87%         1
 Magic Dart               Conj           8%         1d3       87%         1
 Slow                     Hex            8%         N/A       87%         1
 Summon Small Mammal      Summ           8%         N/A       87%         1
 Cigotuvi's Dreadful Rot  Necr/Pois/Air  8%         N/A       87%         2
 Call Imp                 Summ           4%         N/A       94%         2
 Ensorcelled Hibernation  Hex/Ice        8%         N/A       94%         2
 Passwall                 Tmut/Erth      1%         N/A       94%         2
 Poisonous Vapours        Pois/Air       4%         N/A       94%         2
 Searing Ray              Conj           4%         2d4       94%         2
 Static Discharge         Conj/Air       4%         2-3/arc   94%         2
 Wereblood                Tmut           2%         N/A       94%         2
 Confusing Touch          Hex            2%         N/A       99%         3
 Frozen Ramparts          Ice            8%         1d2       99%         3
 Gell's Gravitas          Tloc           2%         N/A       99%         3
 Hailstorm                Conj/Ice       4%         3d4       99%         3
 Inner Flame              Hex/Fire       2%         N/A       99%         3
 Mephitic Cloud           Conj/Pois/Air  2%         N/A       99%         3
 Ozocubu's Armour         Ice            4%         N/A       99%         3
 Spider Form              Tmut/Pois      2%         N/A       99%         3
 Stone Arrow              Conj/Erth      4%         3d7       99%         3
 Summon Guardian Golem    Hex/Summ       2%         N/A       99%         3
 Swiftness                Air            2%         N/A       99%         3
 Teleport Other           Tloc           2%         N/A       99%         3
 Volatile Blastmotes      Fire/Tloc      4%         2d10      99%         3
 Animate Dead             Necr           9%         N/A       99%         4
 Dispel Undead            Necr           9%         3d8       99%         4
 Airstrike                Air            1%         2d(1-17)  100%        4
 Anguish                  Hex/Necr       3%         N/A       100%        4
 Animate Armour           Summ/Erth      4%         N/A       100%        4
 Cause Fear               Hex            1%         N/A       100%        4
 Flame Wave               Conj/Fire      2%         2d4       100%        4
 Fulminant Prism          Conj/Hex       1%         3d5       100%        4
 Iskenderun's Mystic Bla  Conj/Tloc      2%         2d3       100%        4
 Leda's Liquefaction      Hex/Erth       1%         N/A       100%        4
 Manifold Assault         Tloc           2%         N/A       100%        4
 Olgreb's Toxic Radiance  Pois           2%         N/A       100%        4
 Petrify                  Tmut/Erth      2%         N/A       100%        4
 Sticky Flame             Conj/Fire      2%         2d3       100%        4
 Summon Ice Beast         Ice/Summ       4%         N/A       100%        4
 Summon Lightning Spire   Summ/Air       2%         N/A       100%        4
 Agony                    Necr           9%         N/A       100%        5
 Alistair's Intoxication  Tmut/Pois      1%         N/A       100%        5
 Blade Hands              Tmut           1%         N/A       100%        5
 Borgnjor's Vile Clutch   Necr/Erth      3%         N/A       100%        5
 Fireball                 Conj/Fire      1%         3d3       100%        5
 Freezing Cloud           Conj/Ice/Air   2%         6-21      100%        5
 Irradiate                Conj/Tmut      1%         3d12      100%        5
 Iskenderun's Battlesphe  Conj           2%         2d6       100%        5
 Lee's Rapid Deconstruct  Erth           1%         3d4*      100%        5
 Metabolic Englaciation   Hex/Ice        2%         N/A       100%        5
 Summon Forest            Summ/Tloc      1%         N/A       100%        5
 Summon Mana Viper        Hex/Summ       2%         N/A       100%        5
 Yara's Violent Unravell  Hex/Tmut       1%         3d3       100%        5
 Death Channel            Necr           4%         N/A       100%        6
 Dispersal                Tloc           1%         N/A       100%        6
 Iron Shot                Conj/Erth      1%         9d1       100%        6
 Plasma Beam              Fire/Air       1%         2x1d12    100%        6
 Starburst                Conj/Fire      1%         6d3       100%        6
 Statue Form              Tmut/Erth      1%         N/A       100%        6
 Summon Cactus Giant      Summ           1%         N/A       100%        6
 Dragon Form              Tmut           1%         N/A       100%        7
 Enfeeble                 Hex            1%         N/A       100%        7
 Haunt                    Necr/Summ      3%         N/A       100%        7
 Malign Gateway           Summ/Tloc      1%         N/A       100%        7
 Monstrous Menagerie      Summ           1%         N/A       100%        7
 Orb of Destruction       Conj           1%         9d5       100%        7
 Ozocubu's Refrigeration  Ice            2%         4d7       100%        7
 Spellforged Servitor     Conj/Summ      1%         N/A       100%        7
 Summon Hydra             Summ           1%         N/A       100%        7
 Discord                  Hex            1%         N/A       100%        8
 Disjunction              Tloc           1%         N/A       100%        8
 Ignition                 Fire           1%         3d3       100%        8
 Lehudib's Crystal Spear  Conj/Erth      1%         10d2      100%        8
 Summon Horrible Things   Summ           1%         N/A       100%        8
 Death's Door             Necr           4%         N/A       100%        9
 Dragon's Call            Summ           1%         N/A       100%        9
 Fire Storm               Conj/Fire      1%         7d1       100%        9


Dungeon Overview and Level Annotations

Branches:
Dungeon (15/15)            Temple (1/1) D:6            Lair (5/5) D:8
  Swamp (4/4) Lair:2       Spider (4/4) Lair:2        Slime (5/5) Lair:5
    Orc (2/2) D:11            Elf (3/3) Orc:2        Vaults (5/5) D:14
  Crypt (3/3) Vaults:2       Tomb (0/3) Crypt:3      Depths (4/4) D:15
    Zot (5/5) Depths:4     WizLab (visited)

Altars:
Ashenzari
Cheibriados
Fedhas
Gozag
Hepliaklqana
Kikubaaqudgha
Makhleb
Nemelex Xobeh
Okawaru
Qazlal
Ru
Sif Muna
Uskayaw
Vehumet
Wu Jian
Xom
Yredelemnul
Zin
Jiyva
Lugonu

Shops:
D:3 *   D:7 ![[(=   D:10 (   Orc:2 ??=(   Elf:1 :=:!   Vaults:1 [   Vaults:3 ?
Vaults:5 !!???   Depths:2 *

Portals:
Hell: Lair:5 Depths:1 Depths:2 Depths:3 Depths:4
Abyss: Depths:2 Depths:3
Pandemonium: Orc:2 Depths:1 Depths:2 Depths:3
Ziggurat: Depths:1

Annotations:
Depths:2 2 transporters, Himmaryad's ghost, adept TrMo
Zot:4 1 runed translucent door, ketsa's ghost, legendary GrFi


Innate Abilities, Weirdness & Mutations

You have a pair of small antennae on your head.
You are agile. (Dex +4, Str/Int -1)
You are frail. (-10% HP)
Your spells are harder to cast, but more powerful.
Potions are less effective at restoring your health.
You sometimes lose the ability to drink potions when taking damage.


Message History

A large abomination comes into view.
You start resting.
A hellwing comes into view.
The hellwing gives a chilling moan.
You hear a chilling moan.
A lorocyproca comes into view.
You can drink potions again.
You hit the hellwing. You freeze the hellwing.
The hellwing is lightly wounded.
You block the hellwing's attack.
The hellwing hits you but does no damage.
You can now stomp with the beat.
You hit the hellwing. You freeze the hellwing.
The hellwing is moderately wounded.
The hellwing barely misses you. You block the hellwing's attack.
A smoke demon comes into view.
Unknown command.
The smoke demon roars!
You slice the hellwing!! You freeze the hellwing!
You kill the hellwing!
You can now pass through a line of other dancers.
You are confused.
Your system partially rejects the healing.
You feel invigorated. The smoke demon gestures at you. Something smites you!
You feel threatened and lose the ability to drink potions!
* * * LOW HITPOINT WARNING * * *
You cannot drink potions in your current state!
Unknown command.
You barely miss the lorocyproca.
You can no longer pass through a line of other dancers.
Unknown command.
Okay, then.
You bump into the wall of the weird stuff which makes up Pandemonium.
The lorocyproca hits you!
* * * LOW HITPOINT WARNING * * *
You feel your power leaking away. The smoke demon gestures at you.
Something smites you!
You die...

#/.# ... #...
#..######.#######...
#.......#...........
#.......#....#####..
######.......#....# #..
.............#....# #..
.X...........#....# #..
########.....#....#####..
#@....#...........
#2....#...........
#3....#...........
#.....###'#######.
######3..............#.
.....................#.
.....................#.
............^........##
......................


You could see a lorocyproca (invisible) and 2 smoke demons.

Vanquished Creatures
  the Royal Jelly (Slime:5)
  A seraph (Pan)
  Gloorx Vloq (Pan)
  6 dread liches
  5 ancient liches
  Khufu (Crypt:1)
  Mennas (Pan)
  3 orbs of fire (Zot:5)
  2 juggernauts (Depths:4)
  The ghost of Netemen the Gnoll Aeon, a master GnFi of Cheibriados (Zot:1)
  Josephina (Crypt:3)
  A royal mummy (Crypt:1)
  4 caustic shrikes
  5 Killer Klowns
  6 pandemonium lords (Pan)
  3 curse toes
  8 golden dragons
  Nikola (Depths:1)
  3 bone dragons
  2 pearl dragons (Pan)
  A Tzitzimitl (Pan)
  2 Brimstone Fiends (Pan)
  6 Hell Sentinels (Pan)
  5 electric golems
  A hellephant (Pan)
  7 Ice Fiends (Pan)
  13 tentacled monstrosities
  6 liches
  25 Orb Guardians (Zot:5)
  The ghost of Sianeop the Warrior, an adept GrFi of Cheibriados (Vaults:3)
  6 titans
  8 quicksilver dragons
  3 deep elf blademasters
  A walking earthen tome (Depths:4)
  2 deep elf master archers (Elf:3)
  Asterion (Elf:1)
  A walking divine tome (Depths:4)
  27 Executioners
  Frances (Spider:2)
  4 death cobs
  9 ancient champions
  11 sphinxes
  Agnes (Elf:1)
  6 tengu reavers
  26 acid blobs
  8 storm dragons
  A thorn hunter (Swamp:3)
  3 tentacled starspawn (Abyss:2)
  20 shadow dragons
  13 draconian monks
  6 demonspawn warmongers (Pan)
  6 fire giants
  13 rockslimes
  6 revenants
  2 emperor scorpions
  15 vault wardens
  32 daevas (Pan)
  11 azure jellies
  6 draconian scorchers (Zot:1)
  8 balrugs
  A juggernaut zombie (Crypt:3)
  Louise (Swamp:4)
  6 draconian knights
  3 frost giants
  8 deep elf sorcerers
  10 ghost moths
  An iron dragon (Vaults:5)
  2 caustic shrike zombies
  Aizul (Spider:4)
  14 draconian stormcallers
  45 angels
  6 curse skulls
  10 demonspawn corrupters (Pan)
  8 draconian shifters
  An orc warlord (D:11)
  4 draconian annihilators
  6 ghouls
  8 demonspawn blood saints (Pan)
  13 ironbound preservers
  8 deep elf elementalists
  9 stone giants
  12 very ugly things
  3 war gargoyles
  A spriggan defender (Depths:4)
  3 broodmothers
  6 cacodemons (Pan)
  24 ophanim (Pan)
  9 quicksilver oozes
  10 ironbound thunderhulks
  47 apis (Pan)
  A quicksilver ooze (shapeshifter) (Depths:3)
  10 reapers
  20 lorocyprocas (Pan)
  15 green draconians
  Nessos (D:13)
  13 demonspawn black suns (Pan)
  3 eleionomae
  4 vampire knights
  8 deep elf annihilators
  11 white draconians
  3 deep elf demonologists
  15 black draconians
  14 red draconians
  4 bunyips
  10 dire elephants
  7 spark wasps
  An orange crystal statue (WizLab)
  4 eidola
  20 purple draconians
  A minotaur (D:13)
  8 yellow draconians
  Azrael (Elf:1)
  7 jiangshi
  3 crystal guardians
  9 blizzard demons
  4 ettins (Vaults:5)
  8 green deaths
  13 deep elf death magi
  A mummy priest (Crypt:3)
  4 entropy weavers
  Harold (Lair:2)
  30 vault guards
  A fenstrider witch zombie (Crypt:3)
  6 ice dragons
  A spectral shadow dragon (Zot:1)
  20 yaktaur captains
  8 deep elf high priests
  13 great orbs of eyes
  A quicksilver dragon skeleton (Pan)
  2 shambling mangroves
  3 rakshasas
  The ghost of Xuta the Peltast, a journeyman FoFi of Okawaru (D:13)
  3 peacekeepers
  4 fire dragons
  An anaconda (shapeshifter) (Vaults:5)
  12 centaur warriors
  25 hydras
  3 catoblepae
  4 jorogumos
  2 ogre magi
  9 hell beasts
  3 spriggan air magi (Depths:2)
  2 ghost crabs
  3 radroaches
  3 demonspawn (Orc:2)
  An alligator (shapeshifter) (Vaults:5)
  A death knight (Crypt:3)
  5 ironbound frosthearts
  Erica (Lair:2)
  A spectral draconian (Zot:1)
  A spriggan skeleton (Crypt:1)
  13 alligators
  7 death scarabs (Spider:4)
  6 tengu warriors
  4 deep troll shamans
  A hell hog (Depths:4)
  6 boulder beetles
  4 deep troll earth magi
  6 two-headed ogres
  3 spriggan berserkers
  8 vampire magi
  23 dancing weapons
  7 hell knights
  5 orc high priests (Orc:2)
  A thrashing horror (Abyss:2)
  12 deep elf knights
  A wretched star (Abyss:2)
  2 titan skeletons (Pan)
  32 soul eaters
  30 sun demons
  Amaemon (D:10)
  9 shadow wraiths
  A spectral green draconian (Zot:1)
  15 skeletal warriors
  A spectral white draconian (Zot:1)
  A sun moth (Spider:1)
  10 pharaoh ants
  2 skysharks (Lair:2)
  5 goliath frogs
  2 spectral purple draconians (Zot:1)
  8 sixfirhies
  24 cherubim (Pan)
  6 iron trolls
  6 shadow demons (Pan)
  5 swamp dragons
  6 orb spiders
  A spectral ghost moth (Zot:1)
  An orb spider (shapeshifter) (Vaults:5)
  2 quicksilver dragon simulacra (Depths:4)
  7 spriggan druids
  33 deep trolls
  8 bog bodies
  4 flayed ghosts
  2 spriggan simulacra
  2 glowing orange brains
  8 wizards
  8 phantasmal warriors
  12 lindwurms
  14 deep elf archers
  A spectral jorogumo (Spider:4)
  A jorogumo zombie (Crypt:1)
  3 spectral wolf spiders (Spider:4)
  11 orc knights
  5 harpies (Vaults:3)
  24 deep elf pyromancers
  19 deep elf zephyrmancers
  23 ironbound convokers
  8 steelbarb worms
  6 necromancers
  35 ugly things
  A goliath frog zombie (Crypt:3)
  40 large abominations
  A manticore (shapeshifter) (D:13)
  8 orc sorcerers
  5 shining eyes
  2 fire giant zombies
  3 will-o-the-wisps
  17 wolf spiders
  2 cyclopes (D:12)
  A stone giant zombie (Vaults:5)
  5 manticores
  27 moths of wrath
  26 elephants
  An iron dragon skeleton (Crypt:2)
  2 centaur zombies
  A titan simulacrum (Vaults:5)
  6 eyes of devastation
  An ice statue (Depths:4)
  A stone giant skeleton (Pan)
  6 rust devils
  2 dire elephant zombies (Crypt:2)
  A frost giant skeleton (Vaults:5)
  15 vault sentinels
  45 demonic crawlers
  6 black mambas
  Joseph (D:8)
  39 smoke demons
  Maggie (D:6)
  A centaur skeleton (Pan)
  15 cane toads
  A yellow draconian zombie (Crypt:2)
  18 orange demons
  6 spectral redbacks (Spider:4)
  A storm dragon simulacrum (Zot:1)
  18 hellions (Pan)
  A human zombie (Vaults:5)
  A pale draconian zombie (Crypt:1)
  7 torpor snails
  7 rime drakes
  34 yaktaurs
  10 tormentors (Pan)
  14 komodo dragons
  A white draconian skeleton (Crypt:1)
  A redback zombie (Spider:4)
  An alligator snapping turtle skeleton (Crypt:2)
  A ghost moth simulacrum (Zot:1)
  2 kobold demonologists (D:12)
  7 red devils
  2 tengu conjurers
  An iron giant simulacrum (Crypt:3)
  2 anaconda simulacra
  A golden dragon simulacrum (Zot:1)
  9 freezing wraiths
  7 trolls
  A hydra zombie (Crypt:3)
  3 ice devils
  An ancient zyme (Abyss:2)
  A black draconian skeleton (Crypt:1)
  A harpy zombie (Crypt:2)
  A red draconian skeleton (Crypt:2)
  A spectral moth of wrath (Zot:1)
  8 guardian mummies
  2 mana viper skeletons (Crypt:3)
  A shadow dragon simulacrum (Zot:1)
  A wind drake (shapeshifter) (Vaults:5)
  A meliai (shapeshifter) (Vaults:5)
  3 polar bears
  6 meliai
  8 tyrant leeches
  A harpy skeleton (Pan)
  2 spectral jumping spiders (Spider:4)
  2 spectral tarantellas (Spider:4)
  10 blink frogs
  14 dream sheep
  14 hornets
  16 tarantellas
  A spectral culicivora (Spider:4)
  A hydra skeleton (Crypt:3)
  A jumping spider zombie (Spider:4)
  A culicivora zombie (Spider:4)
  7 hellwings
  A draconian simulacrum (Zot:1)
  A great orb of eyes zombie (Crypt:1)
  143 slime creatures
  5 air elementals
  A jumping spider (shapeshifter) (D:13)
  A dire elephant simulacrum (Spider:3)
  16 jumping spiders
  10 spriggans
  Sigmund (D:4)
  22 culicivoras
  A black mamba zombie (Crypt:1)
  4 shadows
  10 water elementals
  5 wraiths
  3 wyverns
  Eustachio (D:5)
  48 yaks
  6 vampires
  34 ynoxinuls
  4 fire bats (Pan)
  13 golden eyes
  Grum (D:8)
  6 basilisks
  16 neqoxecs
  7 fire elementals
  2 redbacks (shapeshifter) (Vaults:5)
  6 vampire mosquitoes
  A steam dragon (D:7)
  47 redbacks
  39 chaos spawn
  2 wargs
  A minotaur simulacrum (Spider:3)
  21 swamp worms
  3 acid dragons
  A moth of wrath simulacrum (Zot:1)
  15 water moccasins
  12 hell hounds
  A swamp drake (Swamp:4)
  4 ice beasts
  35 orc warriors
  A sky beast (D:6)
  3 black bears
  4 ettin simulacra (Depths:4)
  An alligator simulacrum (Spider:3)
  A swamp dragon zombie (Crypt:3)
  A dream sheep zombie (Crypt:2)
  8 wolves
  10 ogres
  9 centaurs
  A phantom (D:5)
  A kobold brigand (D:12)
  Blork the orc (D:6)
  19 bullfrogs
  A necrophage (Crypt:2)
  4 earth elementals
  3 scorpions (D:6)
  2 deep troll simulacra (Spider:3)
  A salamander skeleton (Crypt:1)
  A cyclops skeleton (Crypt:3)
  9 small abominations
  11 wights
  A polar bear zombie (Crypt:3)
  A lindwurm simulacrum (Spider:3)
  3 killer bees (D:9)
  7 electric eels
  8 howler monkeys
  A quasit (Abyss:2)
  4 hounds
  9 jellies
  32 orc priests
  Terence (D:2)
  2 sleepcaps (D:7)
  Ijyb (D:4)
  2 iguanas (D:6)
  28 orc wizards
  4 hell rats
  An ice beast zombie (Crypt:3)
  An ogre zombie (Crypt:3)
  A tengu skeleton (Crypt:1)
  3 mummies
  8 gnolls
  10 adders
  A swamp drake skeleton (Crypt:2)
  2 shadow imps (Abyss:2)
  A white imp (D:7)
  2 ufetubi
  An iguana zombie (Crypt:1)
  3 dart slugs
  65 orcs
  6 ball pythons
  7 bats
  A bat skeleton (Crypt:2)
  A bat zombie (Crypt:3)
  12 endoplasms
  5 giant cockroaches
  6 goblins
  10 hobgoblins
  7 jackals
  3 quokkas
  A dart slug zombie (Crypt:1)
  6 frilled lizards
  A frilled lizard zombie (Crypt:1)
  A goblin zombie (Crypt:2)
  11 kobolds
  5 rats
  A rat zombie (Crypt:2)
  2 spectral weapons
  2 starspawn tentacles (Abyss:2)
3042 creatures vanquished.

Vanquished Creatures (others)
  A Killer Klown (Zot:5)
  A draconian stormcaller (Depths:4)
  2 demonspawn blood saints (Pan)
  A very ugly thing (Vaults:3)
  An ophan (Pan)
  A juggernaut simulacrum (Crypt:3)
  A demonic crawler (Pan)
  A bloated husk (Swamp:4)
  A harpy simulacrum (Crypt:3)
  A swamp worm (Swamp:4)
  A hydra simulacrum (Crypt:3)
  4 elf zombies (Elf:1)
  An orc (Vaults:5)
  12 foxfires
  9 spectral weapons
  5 starspawn tentacles (Abyss:2)
43 creatures vanquished.

Grand Total: 3085 creatures vanquished

Notes
Turn   | Place    | Note
-------+----------+-------------------------------------------
     0 | D:1      | Yordlord the Hill Orc Gladiator began the quest for the
                  | Orb.
     0 | D:1      | Reached XP level 1. HP: 18/18 MP: 1/1
    89 | D:1      | Reached XP level 2. HP: 25/25 MP: 2/2
   138 | D:1      | You fall into a shaft and drop 1 floor!
   145 | D:2      | Reached skill level 5 in Axes
   159 | D:2      | Reached XP level 3. HP: 30/30 MP: 3/3
   773 | D:2      | Reached XP level 4. HP: 38/38 MP: 4/4
   932 | D:2      | Noticed Terence
   948 | D:2      | Killed Terence
  1176 | D:2      | Reached XP level 5. HP: 45/45 MP: 5/5
  1375 | D:3      | Found a faded altar of an unknown god.
  1635 | D:3      | Got Sif Muna's Octavo of Airy Calefaction
  1879 | D:3      | Found Ykkyenaf's Assorted Antiques.
  1981 | D:4      | Noticed an ogre
  1991 | D:4      | Killed an ogre
  1992 | D:4      | Reached XP level 6. HP: 31/51 MP: 6/6
  2089 | D:4      | Found a hide-covered altar of Uskayaw.
  2326 | D:4      | Found an ancient bone altar of Kikubaaqudgha.
  2327 | D:4      | Found a hazy altar of Hepliaklqana.
  2329 | D:4      | Became a worshipper of Uskayaw the Reveller
  2352 | D:4      | Noticed Sigmund
  2355 | D:4      | Reached * piety under Uskayaw
  2362 | D:4      | Reached ** piety under Uskayaw
  2365 | D:4      | Reached *** piety under Uskayaw
  2366 | D:4      | Killed Sigmund
  2367 | D:4      | Reached skill level 1 in Invocations
  2367 | D:4      | Reached XP level 7. HP: 32/58 MP: 6/8
  2592 | D:4      | Reached **** piety under Uskayaw
  2613 | D:4      | Noticed Ijyb
  2634 | D:4      | Killed Ijyb
  2635 | D:4      | Reached skill level 10 in Axes
  3228 | D:5      | Entered Level 5 of the Dungeon
  3266 | D:5      | Reached XP level 8. HP: 60/66 MP: 9/9
  3480 | D:5      | Noticed Eustachio
  3498 | D:5      | Killed Eustachio
  3833 | D:5      | Found a glowing silver altar of Zin.
  4475 | D:6      | Noticed Blork the orc
  4485 | D:6      | Killed Blork the orc
  4486 | D:6      | Reached skill level 5 in Fighting
  4486 | D:6      | Reached XP level 9. HP: 39/74 MP: 11/11
  4795 | D:6      | Found a staircase to the Ecumenical Temple.
  4921 | D:6      | Noticed Maggie
  4940 | D:6      | Killed Maggie
  5202 | Temple   | Entered the Ecumenical Temple
  5403 | D:7      | Found Macit's Armour Emporium.
  5449 | D:7      | Found Peuhupt's Distillery.
  5455 | D:7      | Bought a potion of mutation for 80 gold pieces
  5455 | D:7      | Bought a potion of might for 40 gold pieces
  5575 | D:7      | Found a sacrificial altar of Ru.
  5576 | D:7      | Found an opulent altar of Gozag.
  5576 | D:7      | Found an ornate altar of the Wu Jian Council.
  5578 | D:7      | Found a shimmering altar of Xom.
  5693 | D:7      | Found Fucasmur's Armour Boutique.
  5876 | D:7      | Reached skill level 5 in Invocations
  5923 | D:7      | Found Xitukhle's Jewellery Shoppe.
  6023 | D:7      | Found Xyh Vexau's Weapon Boutique.
  6259 | D:7      | Reached skill level 15 in Axes
  6363 | D:7      | Reached XP level 10. HP: 84/84 MP: 12/14
  6441 | D:8      | Found a burning altar of Makhleb.
  6441 | D:8      | Noticed Grum
  6457 | D:8      | Killed Grum
  6692 | D:8      | Reached ***** piety under Uskayaw
  6797 | D:8      | Found a snail-covered altar of Cheibriados.
  6824 | D:8      | Noticed Joseph
  6835 | D:8      | Killed Joseph
  7079 | D:8      | Found a broken altar of Ashenzari.
  7173 | D:8      | Found a staircase to the Lair.
  7401 | D:9      | Found a radiant altar of Vehumet.
  7824 | D:9      | Identified the ring "Ypsaroergh" {Ice rElec rCorr SInv
                  | Stlth+}
  8010 | D:9      | Found a stormy altar of Qazlal.
  8178 | D:10     | Entered Level 10 of the Dungeon
  8303 | D:10     | Reached XP level 11. HP: 74/94 MP: 14/16
  8432 | D:10     | Noticed a two-headed ogre
  8437 | D:10     | Killed a two-headed ogre
  8815 | D:10     | Found a sparkling altar of Nemelex Xobeh.
  8840 | D:10     | Noticed Amaemon
  8853 | D:10     | Killed Amaemon
  9073 | D:10     | Found Jurch's Antique Weapon Shoppe.
  9406 | D:11     | Noticed a two-headed ogre
  9413 | D:11     | Killed a two-headed ogre
  9492 | D:11     | Found a staircase to the Orcish Mines.
  9682 | D:11     | Paralysed by a centaur for 2 turns
 10069 | D:11     | Noticed a skeletal warrior
 10070 | D:11     | Noticed a skeletal warrior
 10071 | D:11     | Noticed a skeletal warrior
 10073 | D:11     | Noticed a skeletal warrior
 10124 | D:10     | HP: 2/97 [skeletal warrior/+0 broad axe (24)]
 10125 | D:10     | Killed a skeletal warrior
 10595 | Lair:1   | Entered Level 1 of the Lair of Beasts
 10903 | Lair:1   | Found a basalt altar of Yredelemnul.
 11547 | Lair:2   | Noticed a four-headed hydra
 11557 | Lair:2   | Noticed a bog body
 11558 | Lair:2   | Killed a four-headed hydra
 11559 | Lair:2   | Reached XP level 12. HP: 93/106 MP: 18/18
 11559 | Lair:2   | Found a staircase to the Swamp.
 11630 | Lair:2   | Reached skill level 10 in Fighting
 11779 | Lair:2   | Found a hole to the Spider Nest.
 11835 | Lair:2   | Noticed a skyshark
 11836 | Lair:2   | Noticed an eight-headed hydra
 11857 | Lair:2   | Killed an eight-headed hydra
 11866 | Lair:2   | Killed a skyshark
 11898 | Lair:2   | Noticed Harold
 12348 | Lair:2   | Killed Harold
 12779 | Orc:1    | Entered Level 1 of the Orcish Mines
 12779 | Orc:1    | Noticed an orc warlord
 13834 | Lair:2   | Noticed Erica
 13837 | Lair:2   | Killed Erica
 13873 | Lair:2   | Noticed a seven-headed hydra
 13873 | Lair:2   | Noticed a five-headed hydra
 13887 | Lair:2   | Killed a five-headed hydra
 14159 | Lair:1   | Killed a seven-headed hydra
 14368 | Lair:2   | Reached XP level 13. HP: 117/117 MP: 20/20
 14603 | Lair:2   | Reached skill level 10 in Invocations
 15089 | Lair:2   | Found a snail-covered altar of Cheibriados.
 15872 | Lair:2   | Identified the +9 arbalest of Contradiction {penet, rN+}
 17875 | D:11     | Killed an orc warlord
 17876 | D:11     | Reached XP level 14. HP: 47/132 MP: 22/22
 18346 | Orc:2    | Entered Level 2 of the Orcish Mines
 18769 | Orc:2    | Reached skill level 1 in Armour
 18773 | Orc:2    | Found a staircase to the Elven Halls.
 19094 | D:7      | Bought the +7 plate armour of Qaptum {rElec Int+3 Dex-3
                  | Slay+4} for 1065 gold pieces
 19631 | Lair:4   | Identified the +4 flail "Cimed" {speed, Fly rPois rC-
                  | Str+3}
 20217 | Lair:5   | Entered Level 5 of the Lair of Beasts
 20537 | Lair:5   | Reached skill level 5 in Armour
 20682 | Lair:5   | Found a staircase to the Slime Pits.
 20682 | Lair:5   | Found a viscous altar of Jiyva.
 20805 | Lair:5   | Reached skill level 15 in Fighting
 21431 | Lair:5   | Reached ****** piety under Uskayaw
 21433 | Lair:5   | Reached XP level 15. HP: 141/141 MP: 24/24
 21874 | Lair:5   | Found a burning altar of Makhleb.
 22352 | Lair:5   | Found a gateway to Hell.
 22359 | Lair:5   | Identified the +1 short sword of Bebutop {freeze, rElec
                  | Str+2}
 23332 | Orc:1    | Reached skill level 1 in Shields
 23521 | Orc:2    | Found Somoidd's Magic Scroll Emporium.
 23529 | Orc:2    | Found Seicaz's Magic Scroll Shoppe.
 23860 | Orc:2    | Bought a scroll of identify for 30 gold pieces
 23860 | Orc:2    | Bought a scroll of blinking for 112 gold pieces
 23860 | Orc:2    | Bought a scroll of fog for 60 gold pieces
 23865 | Orc:2    | Bought a scroll of identify for 34 gold pieces
 23865 | Orc:2    | Bought a scroll of identify for 34 gold pieces
 23865 | Orc:2    | Bought a scroll of blinking for 127 gold pieces
 23865 | Orc:2    | Bought a scroll of fear for 68 gold pieces
 24423 | Orc:2    | Found Deoc's Antique Weapon Boutique.
 24423 | Orc:2    | Found Hoifupysk's Jewellery Shop.
 24424 | Orc:2    | Found a one-way gate leading to the halls of Pandemonium.
 25442 | D:12     | Found a stormy altar of Qazlal.
 25654 | D:12     | Reached XP level 16. HP: 145/151 MP: 26/26
 26099 | Swamp:1  | Entered Level 1 of the Swamp
 26113 | Lair:2   | Reached skill level 5 in Throwing
 27170 | Spider:1 | Entered Level 1 of the Spider Nest
 27662 | Spider:1 | Reached skill level 5 in Shields
 29462 | Spider:2 | Noticed Frances
 29476 | Spider:2 | Killed Frances
 30051 | Spider:2 | Identified the +5 spear "Beetlebane" {drain, rF+ Will+
                  | Str+9 Stlth-}
 30108 | Spider:2 | Identified the +4 scimitar "Pumn" {chaos, rF+ Will+ Dex+3
                  | Stlth+}
 31051 | Spider:3 | Gained mutation: You sometimes lose your temper in combat.
                  | [mutagenic glow]
 31221 | Spider:3 | Found a frozen archway.
 31232 | Spider:3 | Reached skill level 10 in Armour
 32178 | Spider:3 | Paralysed by a jorogumo for 1 turns
 32506 | Spider:3 | Reached XP level 17. HP: 153/154 MP: 27/27
 32881 | Spider:4 | Entered Level 4 of the Spider Nest
 32934 | Spider:4 | HP: 7/157 [broodmother (4)]
 33072 | Spider:3 | Gained mutation: You are agile. (Dex +4, Str/Int -1)
                  | [mutagenic glow]
 34086 | Spider:4 | Noticed Aizul
 34097 | Spider:4 | Killed Aizul
 35429 | Spider:4 | Reached skill level 15 in Invocations
 35455 | Spider:4 | Identified the +2 hat "Lodiekaff" {Drain Int+3 Dex+3}
 35500 | Spider:4 | Got a gossamer rune of Zot
 36593 | Swamp:2  | Reached XP level 18. HP: 125/171 MP: 29/29
 36686 | Swamp:2  | Got the Reference Book on Breezy Summoning
 37445 | Swamp:4  | Entered Level 4 of the Swamp
 37513 | Swamp:4  | Noticed Louise
 37717 | Swamp:4  | Killed Louise
 38692 | Swamp:4  | Reached skill level 27 in Axes
 39406 | Swamp:4  | Got a decaying rune of Zot
 39422 | Swamp:4  | Reached skill level 10 in Shields
 39946 | D:13     | Noticed Xuta's ghost (journeyman FoFi)
 40072 | D:13     | Noticed Nessos
 40085 | D:13     | Killed Nessos
 40498 | D:13     | Found a runed translucent gate.
 40498 | D:13     | Found a runed translucent gate.
 40498 | D:13     | Found a runed translucent gate.
 40915 | D:14     | Found a hide-covered altar of Uskayaw.
 41368 | D:14     | Found a gate to the Vaults.
 41475 | D:15     | Entered Level 15 of the Dungeon
 41561 | D:15     | Found a staircase to the Depths.
 41732 | D:15     | Reached XP level 19. HP: 170/181 MP: 31/31
 42653 | D:7      | Bought a scarf of resistance for 384 gold pieces
 42792 | Orc:2    | Bought a scroll of brand weapon for 142 gold pieces
 42792 | Orc:2    | Bought a scroll of silence for 142 gold pieces
 43050 | D:3      | Bought a scroll of brand weapon for 180 gold pieces
 43223 | Elf:1    | Entered Level 1 of the Elven Halls
 43246 | Elf:1    | Noticed Agnes
 43253 | Elf:1    | Killed Agnes
 43259 | Elf:1    | Noticed Asterion
 43271 | Elf:1    | Killed Asterion
 43659 | Elf:1    | Noticed Azrael
 43670 | Elf:1    | Killed Azrael
 43739 | Elf:1    | Found Buaq's Distillery.
 43742 | Elf:1    | Bought a potion of heal wounds for 90 gold pieces
 43742 | Elf:1    | Bought a potion of heal wounds for 90 gold pieces
 43805 | Elf:1    | Found Enoro's Book Emporium.
 43806 | Elf:1    | Found Nengohei's Jewellery Boutique.
 43807 | Elf:1    | Found Weicedes's Book Emporium.
 44278 | Elf:1    | Got the Spellbook of the Catacomb
 44453 | Elf:2    | Paralysed by an air elemental for 1 turns
 44601 | Elf:2    | Found a magical portal.
 44610 | WizLab   | Entered Wucad Mu's Monastery
 44836 | WizLab   | Found the crystal ball of Wucad Mu {*channel}
 45017 | WizLab   | Reached XP level 20. HP: 187/187 MP: 32/32
 45481 | Elf:2    | Found a runed translucent door.
 45525 | Elf:2    | Found a runed translucent door.
 46358 | Elf:3    | Entered Level 3 of the Elven Halls
 46464 | Elf:3    | Paralysed by an air elemental for 1 turns
 46634 | Elf:3    | Paralysed by an air elemental for 1 turns
 46737 | Elf:3    | Paralysed by an air elemental for 1 turns
 46774 | Elf:3    | Found a shimmering blue altar of Sif Muna.
 46877 | Elf:3    | Identified the +5 halberd of Flawed Execution {flame, Str+3
                  | Dex+4}
 47314 | Elf:3    | Reached XP level 21. HP: 176/200 MP: 34/34
 47536 | Elf:3    | Identified the +7 war axe of Righteous Fury {spect, Str+3}
 47551 | Elf:3    | Identified the +4 mace "Demonslayer" {heavy, rF++ Int-3
                  | Dex+5}
 47554 | Elf:3    | Reached skill level 15 in Armour
 47891 | Elf:3    | Identified the +7 sling of Tiuxt {freeze, rElec MP+9}
 47903 | Elf:3    | Got the Parchment of Malevolent Magic and
                  | Transmogrification
 47911 | Elf:3    | Identified the +0 scale mail of Arhyus {Harm Rampage Drain}
 48204 | Vaults:1 | Entered Level 1 of the Vaults
 48253 | Abyss:2  | Cast into level 2 of the Abyss (a wizard)
 48765 | Vaults:1 | Escaped the Abyss
 48776 | Vaults:1 | HP: 8/195 [wizard/fireball (32)]
 50104 | Vaults:1 | Found Bacu's Antique Armour Shoppe.
 51423 | Vaults:2 | Found a staircase to the Crypt.
 51423 | Vaults:2 | Found a basalt altar of Yredelemnul.
 51424 | Vaults:2 | Found an ancient bone altar of Kikubaaqudgha.
 51444 | Vaults:2 | Reached skill level 10 in Throwing
 51867 | Vaults:2 | Reached XP level 22. HP: 189/213 MP: 35/35
 52909 | Vaults:3 | Found Nadulura's Magic Scroll Boutique.
 52917 | Vaults:3 | Bought a scroll of teleportation for 48 gold pieces
 52917 | Vaults:3 | Bought a scroll of fog for 64 gold pieces
 53585 | Vaults:3 | Found a runed translucent door.
 53586 | Vaults:3 | Noticed Sianeop's ghost (adept GrFi)
 54024 | Vaults:3 | Killed Sianeop's ghost
 54041 | Vaults:3 | Identified the +1 sling of Generosity {speed, Contam Str+6}
 54296 | Vaults:4 | Paralysed by a sphinx for 4 turns
 54570 | Vaults:4 | Paralysed by a sphinx for 4 turns
 54845 | Vaults:4 | Identified a scroll of acquirement
 54933 | Vaults:4 | Acquired 792 gold pieces
 55045 | Vaults:4 | Reached skill level 15 in Shields
 55887 | Depths:1 | Entered Level 1 of the Depths
 56116 | Depths:1 | Found a one-way gateway to a ziggurat.
 56118 | Depths:1 | Reached XP level 23. HP: 221/221 MP: 37/37
 56390 | Depths:1 | Noticed a caustic shrike
 56391 | Depths:1 | Noticed a caustic shrike
 56394 | Depths:1 | Noticed a caustic shrike
 56405 | Depths:1 | Killed a caustic shrike
 56414 | Depths:1 | Killed a caustic shrike
 56419 | Depths:1 | Killed a caustic shrike
 56732 | Depths:1 | Paralysed by a great orb of eyes for 2 turns
 56794 | Depths:1 | Found a shimmering blue altar of Sif Muna.
 57042 | Depths:1 | Noticed Nikola
 57050 | Depths:1 | Killed Nikola
 57910 | Slime:1  | Entered Level 1 of the Pits of Slime
 58330 | Slime:2  | Gained mutation: You are partially covered in iridescent
                  | scales. (AC +2) [a shining eye]
 58700 | Slime:5  | Entered Level 5 of the Pits of Slime
 58878 | Slime:5  | Noticed the Royal Jelly
 58889 | Slime:5  | Killed the Royal Jelly
 60012 | Slime:5  | Identified the +2 robe of Dim Light {rF+ rC++ Will-}
 60029 | Slime:5  | Identified the +1 broad axe "Usiafif" {protect, rF+ rC-
                  | rN+}
 60032 | Slime:5  | Identified the +7 sling "Transmigrator" {flame, rPois}
 60059 | Slime:5  | Identified the ring of Ru, Hammering {rC+ rN+ Will+ Int+3
                  | Dex-2}
 60073 | Slime:5  | Identified the amulet "Wihausm" {Acrobat Int+6 Dex-2 Slay+5
                  | Stlth-}
 60077 | Slime:5  | Got a slimy rune of Zot
 60106 | Slime:5  | Identified the +8 morningstar of Xehosaut {protect, rN+
                  | Will+ Int-4}
 60107 | Slime:5  | Identified the staff of cold "Poemool" {rC+ Str+3}
 60115 | Slime:5  | Identified the +1 great sword of the Lame Duck {elec, Str+3
                  | Stlth+}
 60120 | Slime:5  | Got the Almanac of Hypothermia and the Sphinx
 61596 | Slime:2  | Reached XP level 24. HP: 237/237 MP: 37/37
 62424 | Depths:2 | Noticed a caustic shrike
 62437 | Depths:2 | Killed a caustic shrike
 62595 | Depths:2 | Found a one-way gate to the infinite horrors of the Abyss.
 62598 | Depths:2 | Noticed Himmaryad's ghost (adept TrMo)
 62629 | Depths:2 | Found a blossoming altar of Fedhas.
 62659 | Depths:2 | Found a transporter.
 62686 | Depths:2 | Identified the +5 broad axe of Turmoil {freeze, rElec Int-2
                  | Dex+2}
 62703 | Depths:2 | Found a transporter.
 62781 | Depths:2 | Found Zin's Purification Station.
 62782 | Depths:2 | Found a glowing silver altar of Zin.
 65079 | Depths:3 | Identified the +11 great mace of Kismet {freeze, rC+ Str+2}
 65321 | Depths:3 | Identified the staff of conjuration "Vyzireug" {rF- Will+
                  | Stlth+}
 65662 | Crypt:1  | Entered Level 1 of the Crypt
 65876 | Crypt:1  | Noticed Khufu
 65876 | Crypt:1  | Noticed a royal mummy
 65886 | Crypt:1  | Killed a royal mummy
 65890 | Crypt:1  | Killed Khufu
 68107 | Crypt:3  | Entered Level 3 of the Crypt
 68531 | Crypt:3  | Found a staircase to the Tomb.
 68856 | Crypt:3  | Reached XP level 25. HP: 218/250 MP: 38/38
 69390 | Crypt:3  | Found an ancient bone altar of Kikubaaqudgha.
 69394 | Crypt:3  | Found a basalt altar of Yredelemnul.
 69409 | Crypt:3  | Identified the +9 flail "Tusanlar" {venom, rElec rC- Int-2
                  | SInv}
 69410 | Crypt:3  | Identified the staff of death "Notauh" {Fragile rC+ rN+
                  | Dex+5 Stlth-}
 69458 | Crypt:3  | Identified the ring "Yryseejod" {rPois EV+5}
 69579 | Crypt:3  | Identified the +1 lajatang of Harmony {elec, rN+ Int+2
                  | Stlth-}
 70194 | Crypt:3  | Identified the staff of cold "Iwiratop" {rC+ Str+3 Int+2}
 70194 | Crypt:3  | Identified the ring "Fenatuti" {Ice Slay+2}
 70194 | Crypt:3  | Noticed Josephina
 70219 | Crypt:3  | Killed Josephina
 70886 | Vaults:5 | Entered Level 5 of the Vaults
 71141 | Vaults:5 | Identified the +1 mace "Soil" {protect, Str+5}
 71251 | Vaults:5 | Noticed an ancient lich
 71261 | Vaults:5 | Killed an ancient lich
 71288 | Vaults:5 | Found Niocon's Distillery.
 71498 | Vaults:5 | Found Aschamire's Magic Scroll Shoppe.
 71502 | Vaults:5 | Found Vynirchop's Distillery.
 71503 | Vaults:5 | Bought 3 scrolls of fog for 156 gold pieces
 71517 | Vaults:5 | Found Wittoh's Magic Scroll Shoppe.
 71517 | Vaults:5 | Found Soihalax's Magic Scroll Shop.
 71565 | Vaults:5 | Identified the +0 robe "Jebydap" {rN+ Int+5}
 71967 | Vaults:5 | Bought a scroll of fear for 52 gold pieces
 72002 | Vaults:5 | Bought a scroll of blinking for 120 gold pieces
 72050 | Vaults:5 | Reached skill level 27 in Fighting
 72067 | Vaults:5 | Identified the ring "Hor Egeunta" {Ice rElec Int+3}
 72072 | Vaults:5 | Noticed a dread lich
 72083 | Vaults:5 | Killed a dread lich
 72084 | Vaults:5 | Reached XP level 26. HP: 250/258 MP: 32/38
 72218 | Vaults:5 | Got a silver rune of Zot
 72614 | Vaults:5 | Found the +2 pair of slick slippers {slick, slippery, EV+4}
 72943 | Abyss:2  | Cast into level 2 of the Abyss (a deep elf demonologist)
 72946 | Abyss:2  | Found a corrupted altar of Lugonu.
 72975 | Abyss:2  | Found a corrupted altar of Lugonu.
 72975 | Abyss:2  | Gained mutation: Your spells are a little easier to cast,
                  | but a little less powerful. [a neqoxec]
 73018 | Abyss:2  | Paralysed by a great orb of eyes for 2 turns
 73046 | Vaults:5 | Escaped the Abyss
 73782 | Depths:4 | Entered Level 4 of the Depths
 74050 | Depths:4 | Noticed a juggernaut
 74060 | Depths:4 | Killed a juggernaut
 74752 | Depths:4 | Found a stormy altar of Qazlal.
 74797 | Depths:4 | Found an iron altar of Okawaru.
 74809 | Depths:4 | Reached skill level 15 in Throwing
 74898 | Depths:4 | Noticed a juggernaut
 74909 | Depths:4 | Killed a juggernaut
 74939 | Depths:4 | Found a sacrificial altar of Ru.
 74964 | Depths:4 | Found a glowing silver altar of Zin.
 75841 | Depths:4 | Found a gate to the Realm of Zot.
 75948 | Depths:4 | Identified the +4 ring mail "Aguq" {rElec Regen+ Dex+3}
 75970 | Depths:4 | Identified the +1 robe "Reolihoa" {rF+ Dex+3}
 76407 | Zot:1    | Entered Level 1 of the Realm of Zot
 76407 | Zot:1    | Found a runed translucent gate.
 76408 | Zot:1    | Found a runed translucent gate.
 76409 | Zot:1    | Found a runed translucent gate.
 76410 | Zot:1    | Noticed Netemen's ghost (master GnFi)
 76475 | Zot:1    | Killed Netemen's ghost
 76484 | Zot:1    | Reached XP level 27. HP: 190/271 MP: 26/38
 76762 | Zot:1    | Identified the +6 plate armour "Kiohott" {Int+3}
 77219 | Zot:1    | Found a corrupted altar of Lugonu.
 77788 | Zot:1    | Got the Anthology of Fire and Brimstone
 77797 | Zot:1    | Got the Folio of the Zealot
 79403 | Zot:2    | Reached skill level 1 in Spellcasting
 79620 | Zot:2    | Found a huge runed gate.
 79620 | Zot:2    | Found a huge runed gate.
 79620 | Zot:2    | Found a huge runed gate.
 79621 | Zot:2    | Found a huge runed gate.
 79622 | Zot:2    | Found a huge runed gate.
 79622 | Zot:2    | Found a huge runed gate.
 79622 | Zot:2    | Found a huge runed gate.
 79625 | Zot:2    | Found a huge runed gate.
 79626 | Zot:2    | Found a huge runed gate.
 79626 | Zot:2    | Found a huge runed gate.
 79632 | Zot:2    | Found a huge runed gate.
 79632 | Zot:2    | Found a huge runed gate.
 79632 | Zot:2    | Found a huge runed gate.
 79632 | Zot:2    | Found a huge runed gate.
 79632 | Zot:2    | Found a huge runed gate.
 79632 | Zot:2    | Found a huge runed gate.
 79633 | Zot:2    | Found a huge runed gate.
 79634 | Zot:2    | Found a huge runed gate.
 79635 | Zot:2    | Found a huge runed gate.
 79709 | Zot:2    | Found a huge runed gate.
 79709 | Zot:2    | Found a huge runed gate.
 79709 | Zot:2    | Found a huge runed gate.
 79713 | Zot:2    | Found a huge runed gate.
 79714 | Zot:2    | Found a huge runed gate.
 79715 | Zot:2    | Found a huge runed gate.
 79716 | Zot:2    | Found a huge runed gate.
 79717 | Zot:2    | Found a huge runed gate.
 79718 | Zot:2    | Found a huge runed gate.
 79768 | Zot:2    | Found a huge runed gate.
 79768 | Zot:2    | Found a huge runed gate.
 79768 | Zot:2    | Found a huge runed gate.
 79768 | Zot:2    | Found a huge runed gate.
 79768 | Zot:2    | Found a huge runed gate.
 79769 | Zot:2    | Found a huge runed gate.
 79770 | Zot:2    | Found a huge runed gate.
 79771 | Zot:2    | Found a huge runed gate.
 80010 | Zot:2    | Noticed an ancient lich
 80010 | Zot:2    | Noticed an ancient lich
 80010 | Zot:2    | Noticed a dread lich
 80011 | Zot:2    | Noticed a dread lich
 80018 | Zot:2    | Killed a dread lich
 80021 | Zot:2    | Killed an ancient lich
 80023 | Zot:2    | Killed an ancient lich
 80025 | Zot:2    | Killed a dread lich
 82370 | Zot:4    | Found a runed translucent door.
 82370 | Zot:4    | Found a shimmering altar of Xom.
 82370 | Zot:4    | Noticed ketsa's ghost (legendary GrFi)
 84148 | Zot:5    | Entered Level 5 of the Realm of Zot
 85341 | Zot:5    | Noticed an ancient lich
 85376 | Zot:5    | Killed an ancient lich
 85687 | Zot:5    | Noticed an orb of fire
 85692 | Zot:5    | Killed an orb of fire
 86175 | Zot:5    | Noticed an orb of fire
 86199 | Zot:5    | Gained mutation: You have large cloven feet. [an orb of
                  | fire]
 86201 | Zot:5    | Gained mutation: You are dopey. (Int -2) [an orb of fire]
 86207 | Zot:5    | Killed an orb of fire
 86426 | Zot:5    | Noticed a dread lich
 86426 | Zot:5    | Gained mutation: Your spells are easier to cast, but less
                  | powerful. [mutagenic glow]
 86427 | Zot:5    | Noticed a dread lich
 86433 | Zot:5    | Noticed a dread lich
 86441 | Zot:5    | Killed a dread lich
 86444 | Zot:5    | Lost mutation: You are agile. (Dex +4, Str/Int -1)
                  | [mutagenic glow]
 86447 | Zot:5    | Killed a dread lich
 86460 | Zot:5    | Killed a dread lich
 86718 | Zot:5    | Reached skill level 27 in Invocations
 86889 | Zot:5    | Noticed an ancient lich
 86899 | Zot:5    | Killed an ancient lich
 86986 | Zot:5    | Noticed an orb of fire
 86997 | Zot:5    | Gained mutation: You occasionally lose the ability to drink
                  | potions when taking damage. [an orb of fire]
 86998 | Zot:5    | Killed an orb of fire
 87683 | D:13     | Killed Xuta's ghost
 88249 | Elf:3    | Lost mutation: You are partially covered in iridescent
                  | scales. (AC +2) [potion of mutation]
 88249 | Elf:3    | Lost mutation: Your spells are easier to cast, but less
                  | powerful. [potion of mutation]
 88249 | Elf:3    | Gained mutation: Your spells are easier to cast, but less
                  | powerful. [potion of mutation]
 88249 | Elf:3    | Gained mutation: You are very dopey. (Int -4) [potion of
                  | mutation]
 88249 | Elf:3    | Lost mutation: You sometimes lose your temper in combat.
                  | [potion of mutation]
 88250 | Elf:3    | Lost mutation: You are very dopey. (Int -4) [potion of
                  | mutation]
 88250 | Elf:3    | Lost mutation: You are dopey. (Int -2) [potion of mutation]
 88250 | Elf:3    | Gained mutation: You are dopey. (Int -2) [potion of
                  | mutation]
 88250 | Elf:3    | Gained mutation: You have hidden genetic defects. [potion
                  | of mutation]
 88250 | Elf:3    | Lost mutation: Your spells are easier to cast, but less
                  | powerful. [potion of mutation]
 88251 | Elf:3    | Lost mutation: You are dopey. (Int -2) [potion of mutation]
 88251 | Elf:3    | Lost mutation: You have hidden genetic defects. [potion of
                  | mutation]
 88251 | Elf:3    | Gained mutation: You are robust. (+10% HP) [potion of
                  | mutation]
 88251 | Elf:3    | Gained mutation: You are somewhat resistant to further
                  | mutation. [potion of mutation]
 88252 | Elf:3    | Lost mutation: Your spells are a little easier to cast, but
                  | a little less powerful. [potion of mutation]
 88252 | Elf:3    | Lost mutation: You occasionally lose the ability to drink
                  | potions when taking damage. [potion of mutation]
 88252 | Elf:3    | Lost mutation: You are somewhat resistant to further
                  | mutation. [potion of mutation]
 88252 | Elf:3    | Gained mutation: Your magical capacity is low. (-10% MP)
                  | [potion of mutation]
 88252 | Elf:3    | Gained mutation: You are agile. (Dex +4, Str/Int -1)
                  | [potion of mutation]
 88789 | Depths:2 | Upgraded the game from 0.30.0-5-g1a98f26d00 to
                  | 0.30.0-10-gfe55d96785
 89073 | Vaults:5 | Bought a potion of mutation for 144 gold pieces
 89084 | Vaults:5 | Bought a scroll of teleportation for 39 gold pieces
 89084 | Vaults:5 | Bought a scroll of enchant weapon for 97 gold pieces
 89103 | Vaults:5 | Bought a scroll of teleportation for 39 gold pieces
 89103 | Vaults:5 | Bought a scroll of teleportation for 39 gold pieces
 89103 | Vaults:5 | Bought a scroll of teleportation for 39 gold pieces
 89114 | Vaults:5 | Bought 2 potions of berserk rage for 190 gold pieces
 89114 | Vaults:5 | Bought a potion of invisibility for 152 gold pieces
 89114 | Vaults:5 | Bought a potion of resistance for 190 gold pieces
 89431 | D:7      | Bought a potion of mutation for 80 gold pieces
 89641 | Pan      | Entered Pandemonium
 89641 | Pan      | Noticed Mennas
 89660 | Pan      | Killed Mennas
 90002 | Pan      | Reached skill level 5 in Dodging
 90609 | Pan      | Noticed Valera the pandemonium lord
 90652 | Pan      | Killed Valera the pandemonium lord
 91001 | Pan      | Gained mutation: You occasionally lose the ability to drink
                  | potions when taking damage. [a neqoxec]
 91042 | Pan      | Lost mutation: Your magical capacity is low. (-10% MP)
                  | [potion of mutation]
 91042 | Pan      | Lost mutation: You are robust. (+10% HP) [potion of
                  | mutation]
 91042 | Pan      | Gained mutation: You sometimes lose the ability to drink
                  | potions when taking damage. [potion of mutation]
 91042 | Pan      | Gained mutation: Your flesh is cold resistant. (rC+)
                  | [potion of mutation]
 91042 | Pan      | Gained mutation: You have a pair of small antennae on your
                  | head. [potion of mutation]
 91562 | Pan      | Noticed Tekeschea the pandemonium lord
 91566 | Pan      | Killed Tekeschea the pandemonium lord
 91634 | Pan      | Gained mutation: You occasionally shout uncontrollably at
                  | your foes. [a cacodemon]
 91635 | Pan      | Lost mutation: You are agile. (Dex +4, Str/Int -1) [a
                  | cacodemon]
 93484 | Pan      | Identified the +11 long sword "Killer Bee's Foe" {heavy,
                  | Contam rElec rCorr Int-5}
 93511 | Pan      | Found a huge runed translucent gate.
 93520 | Pan      | Found a huge runed translucent gate.
 93521 | Pan      | Found a huge runed translucent gate.
 93521 | Pan      | Found a huge runed translucent gate.
 93521 | Pan      | Found a huge runed translucent gate.
 93521 | Pan      | Found a huge runed translucent gate.
 93521 | Pan      | Found a huge runed translucent gate.
 93541 | Pan      | Found an exit through the horrors of the Abyss.
 93808 | Pan      | Identified the +0 plate armour "Nazy" {-Cast rPois rC+
                  | Dex+3}
 94397 | Pan      | Found a runed translucent door.
 95006 | Pan      | Gained mutation: Your body sometimes deteriorates upon
                  | taking damage. [a neqoxec]
 95033 | Pan      | Lost mutation: You have large cloven feet. [potion of
                  | mutation]
 95033 | Pan      | Lost mutation: Your flesh is cold resistant. (rC+) [potion
                  | of mutation]
 95033 | Pan      | Lost mutation: You occasionally shout uncontrollably at
                  | your foes. [potion of mutation]
 95033 | Pan      | Gained mutation: You are agile. (Dex +4, Str/Int -1)
                  | [potion of mutation]
 95034 | Pan      | Lost mutation: You are agile. (Dex +4, Str/Int -1) [potion
                  | of mutation]
 95034 | Pan      | Lost mutation: Your body sometimes deteriorates upon taking
                  | damage. [potion of mutation]
 95034 | Pan      | Gained mutation: Your spells are a little harder to cast,
                  | but a little more powerful. [potion of mutation]
 95034 | Pan      | Gained mutation: Your spells are harder to cast, but more
                  | powerful. [potion of mutation]
 95034 | Pan      | Gained mutation: You are agile. (Dex +4, Str/Int -1)
                  | [potion of mutation]
 96083 | Pan      | Gained mutation: You are frail. (-10% HP) [a cacodemon]
 96090 | Pan      | Noticed Buli the pandemonium lord
 96749 | Pan      | Killed Buli the pandemonium lord
 96809 | Pan      | Identified the staff of cold "Deirchaz" {rC+ Int+2 Stlth+}
 96812 | Pan      | Got a demonic rune of Zot
 97438 | Pan      | Identified the orb "Qarim" {light, rElec}
 97457 | Pan      | Identified the +6 falchion "Simipuc" {holy, Stlth+}
 98147 | Pan      | Found an exit through the horrors of the Abyss.
 98191 | Pan      | Gained mutation: Potions are less effective at restoring
                  | your health. [a cacodemon]
 98447 | Pan      | Noticed Balirch the pandemonium lord
 98463 | Pan      | Killed Balirch the pandemonium lord
 98510 | Pan      | HP: 9/231 [demonspawn black sun/bolt of negative energy
                  | (17)]
 99673 | Pan      | Paralysed by a sphinx for 4 turns
 99849 | Pan      | Noticed Katwarph the pandemonium lord
 99867 | Pan      | Killed Katwarph the pandemonium lord
100819 | Pan      | Entered the realm of Gloorx Vloq.
101375 | Pan      | Got a dark rune of Zot
101393 | Pan      | Noticed Gloorx Vloq
101404 | Pan      | Killed Gloorx Vloq
102405 | Pan      | Upgraded the game from 0.30.0-10-gfe55d96785 to
                  | 0.30.0-18-gc0e69614cb
102444 | Pan      | Identified the +2 great sword "Coqa" {drain, rF+ Str+3}
102457 | Pan      | Reached skill level 27 in Shields
102644 | Pan      | Noticed Wipp the pandemonium lord
102666 | Pan      | Killed Wipp the pandemonium lord
102718 | Pan      | Identified the staff of poison "Jeusic" {rPois rF+}
103497 | Pan      | Found a runed translucent door.
103563 | Pan      | Identified the +0 tower shield of Voassur {SInv}
103614 | Pan      | Noticed a seraph
104718 | Pan      | Found a glowing silver altar of Zin.
105046 | Pan      | Identified the amulet "Ceuduico" {Faith rN+ Will+}
106475 | Pan      | Killed a seraph
106599 | Pan      | Found a glowing golden altar of the Shining One.
106609 | Pan      | Identified the staff of poison "Unteck" {rPois rC+ Int+2}
107669 | Pan      | Found a white marble altar of Elyvilon.
107684 | Pan      | Reached skill level 10 in Dodging
107972 | Pan      | Reached skill level 27 in Armour
108955 | Pan      | Learned a level 8 spell: Borgnjor's Revivification
109046 | Pan      | Reached skill level 1 in Necromancy
109848 | Pan      | Noticed Egecema the pandemonium lord
109861 | Pan      | HP: 2/245 [Egecema the pandemonium lord/arc of chain
                  | lightning (43)]
109895 | Pan      | HP: 7/245 [smoke demon/divine providence (17)]
109899 | Pan      | Killed from afar by a smoke demon

Illustrated notes

Levels and vault maps discovered:
D:1:      lightli_arrival_quake, layout_loops_cross
D:2:      layout_rooms, serial_glass, glass_columns_b, glass_columns_a,
          minmay_vboxes, uniq_terence
D:3:      layout_basic, serial_bayou, serial_bayou_ford_a, serial_bayou_pond_a,
          serial_bayou_pond_d, serial_bayou_pond_a,
          shapermc_ecumenical_altar_venn, serial_shops, nicolae_shop_stone
D:4:      wad_lake_hut, layout_basic, gammafunk_temple_overflow_forgotten,
          serial_bayou_pond_c, uniq_sigmund, uniq_ijyb
D:5:      layout_cave_pools, nicolae_overflow_hidden_temple, uniq_eustachio
D:6:      layout_basic, temple_statues, uniq_blork_the_orc, uniq_maggie
D:7:      layout_gridville, minitemple, serial_shops, shop, shop, shop,
          nicolae_diamond_shop, shop
D:8:      layout_rooms, cheibrodos_ashenzari_chains,
          mainiacjoe_overflow_six_doors_small, bloody_makhleb, lair_entry_dummy,
          uniq_grum, uniq_joseph
D:9:      layout_gridville, nicolae_vehumet_altar_sigil,
          mainiacjoe_overflow_catwalk, nicolae_titane
D:10:     layout_basic, nemelex_spade_bored_becter, serial_shops, shop,
          uniq_amaemon
D:11:     layout_layer_cave, orc_0_dummy
D:12:     layout_loops_ring, grunt_qazlal_clouds
D:13:     layout_roguey, maelrawn_ghost_gauntlet_escape, patterned_corridor,
          uniq_nessos
D:14:     layout_basic, david_vaults_5, nicolae_uskayaw_dance_hall
D:15:     grunt_enter_depths_giant_problem, layout_loops_corners,
          kennysheep_flooded_box
Temple:   nicolae_temple_godpark
Lair:1:   layout_loops_ring, basic_altar
Lair:2:   nzn_winding_woodlands_stair_cross
          [nzn_winding_woodlands_5x15_river_crossing,
          nzn_winding_woodlands_center_triple_pond,
          nzn_winding_woodlands_5x15_eye, nzn_winding_woodlands_5x5_perimeter,
          nzn_winding_woodlands_5x5_three, nzn_winding_woodlands_5x15_jagged,
          nzn_winding_woodlands_center_lodge,
          nzn_winding_woodlands_5x15_zeroes], layout_misc_corridors,
          skrybe_swamp_entry_bodies, spider_nest_entry_webs,
          kennysheep_snail_temple, uniq_erica, uniq_harold
Lair:3:   layout_regular_city
Lair:4:   layout_regular_city, st_stairs_13
Lair:5:   evil_forest, layout_concentric_octagons,
          nicolae_slime_entry_slimehenge, worms_lemuel
Swamp:1:  layout_falls_marsh, evilmike_swamp_ruin_rubble_1
Swamp:2:  layout_basic_swamp, serial_swamp_ruin, evilmike_swamp_ruin_house_4,
          evilmike_swamp_ruin_house_1, infiniplex_staircase_pool
Swamp:3:  layout_basic_swamp, nicolae_swamp_bean_lake
Swamp:4:  swamp_vile, layout_basic_swamp, swamp_pool2, uniq_louise
Spider:1: layout_spider_delve, nicolae_spider_circle_web
Spider:2: layout_chambers, nicolae_spider_cling_halls, uniq_frances
Spider:3: layout_spider_delve, portal_ice_cave_entry_ice_simulacra
Spider:4: floodkiller_spider_rune_tomb, uniq_aizul
Slime:1:  layout_caves
Slime:2:  layout_caves
Slime:3:  layout_caves
Slime:4:  layout_caves
Slime:5
Orc:1:    layout_caves, nicolae_orc_tapped_out
Orc:2:    pf_orc_diabolical, layout_caves, nicolae_orc_sculptors_studio
Elf:1:    minmay_elf_arrival_circle, layout_gridlike, serial_shops,
          nicolae_shop_behind_doors, minmay_elf_necromancy, minmay_shop_grove,
          uniq_azrael, uniq_asterion, uniq_agnes
Elf:2:    nicolae_elf_blades_splatter_lattice
          [nicolae_blade_entry_splitting_headache], layout_geoelf_octagon,
          mu_enter_wizlab_5, nicolae_elf_big_sculpture_2, minivault_25
Elf:3:    minmay_elf_hall_x, layout_loops_corners, basic_altar
Vaults:1: nicolae_vaults_octothorpe, nicolae_vaults_offset_grid_hallway_3,
          nicolae_vaults_little_squares_6, nicolae_vaults_heart-shaped_vault,
          v_misc_10, grunt_vaults_trifunnel, nicolae_vaults_specimen_jars,
          v_misc_28, vaults_room_fancy_cross, nicolae_vaults_mini_display_case,
          nicolae_vaults_circle_grid_b, vaults_dpeg_hooks,
          nicolae_vaults_tetromino_L_1, layout_vaults_big_cross, serial_shops,
          shop
Vaults:2: nicolae_vaults_trapezoid_lopsided_3, nicolae_vaults_more_shelving_1,
          v_misc_31, nicolae_vaults_little_ls, nicolae_vaults_prndl,
          vaults_room_pools, nicolae_vaults_tetromino_L_2, v_misc_30,
          minmay_crypt_entry_necro_gods, vaults_room_grid,
          nicolae_vaults_storage_closets_1, vaults_dpeg_encased_lava,
          vaults_room_stairs_pillars, nicolae_vaults_closet_pinwheel_1,
          layout_vaults_maze_snakey
Vaults:3: gammafunk_ghost_grave, hangedman_vaults_corner_blocks,
          nicolae_vaults_doubleplus_tesselated, nicolae_vaults_apartment_1,
          vaults_mumra_hexcomb, nicolae_vaults_offset_grid_hallway_1,
          nicolae_vaults_yaktaur_gun_rack,
          nicolae_vaults_windows_and_doors_thing,
          nicolae_vaults_sesquioval_fish, hangedman_vaults_stitches,
          nicolae_vaults_little_squares_5, layout_vaults_omnibox, serial_shops,
          nicolae_diamond_shop
Vaults:4: nicolae_vaults_shelves_hall, ontoclasm_vaults_spin, v_misc_26,
          nicolae_vaults_shipping_containers_6, nicolae_vaults_house_2,
          v_rooms_6, v_pattern_2, ontoclasm_vaults_fault,
          nicolae_vaults_stepped_doors, layout_vaults_ring
Vaults:5
Crypt:1:  layout_gridlike, grunt_crypt_arrival_split,
          roderic_lattice_octagonal_star, uniq_khufu
Crypt:2:  layout_gridlike
Crypt:3:  lightli_unholy_cathedral, layout_chaotic_city,
          tomb_entry_sphere_bobbens, uniq_josephina
Depths:1: layout_gridlike, enter_ziggurat_c,
          nicolae_hell_entry_hellmouth_sunbeams, rand_demon_pan_entry_7,
          lemuel_blue_sif_altar, uniq_nikola
Depths:2: minmay_glassy_protrusions, layout_gridlike, grunt_pan_entry_zigzag,
          gammafunk_ghost_abyssal_escape, hell_entry, fedhas_altar_1,
          st_stairs_11, zin_purify, serial_bayou_shore_a
Depths:3: minmay_fractal_lines_corner, layout_cave_shapes,
          chequers_serial_rivers_micro_e, hell_entry, abyss_entry,
          rand_demon_pan_entry_9, infiniplex_staircase_star
Depths:4: grunt_profane_halls [grunt_profane_temple_tar,
          grunt_profane_temple_geh, grunt_profane_temple_dis,
          grunt_profane_temple_coc, grunt_zot_portal], hell_entry
Zot:1:    nicolae_zot_draconian_monastery, layout_basic,
          gammafunk_ghost_necromancy
Zot:2:    layout_twisted_circle, door_vault
Zot:3:    layout_misc_corridors, st_stairs_13, zot_minivault_2
Zot:4:    layout_misc_corridors, ebering_ghost_xom, bh_zot_lava_cross
Zot:5:    layout_cellular_growth, grunt_ministairs_12
Pan:      evilmike_mini_pan_corridor, layout_basic, uniq_mennas_pan,
          rand_demon_2, layout_gridlike, nicolae_pan_mnolegish_1,
          nicolae_pan_giant_door, layout_small_grid, reaverb_pan_figure_eight,
          rand_demon_9, layout_pan_divisions_a [pan_division_quadrant_a5,
          pan_division_quadrant_a2, pan_division_quadrant_a4,
          pan_division_quadrant_a6, pan_division_octagon_box],
          lemuel_hellion_island, layout_irregular_city,
          regret_index_pan_draining_boxed, layout_basic,
          nicolae_pan_strange_glyphs [nicolae_pan_strange_glyph_contempt,
          nicolae_pan_strange_glyph_loneliness,
          nicolae_pan_strange_glyph_regret,
          nicolae_pan_strange_glyph_disappointment,
          nicolae_pan_strange_glyph_schadenfreude], grunt_pan_zigzag,
          layout_onion_city, gloorx_vloq, layout_gridlike,
          evilmike_mini_pan_layers, layout_basic, rand_demon_9,
          layout_gridville, pan_blood_fountain_2, evilmike_holy_pan,
          evilmike_mini_pan_branches, layout_irregular_city

Skill      XL: |  1  2  3  4  5  6  7  8  9 10 11 12 13 14 15 16 17 18 19 20 21 22 23 24 25 26 27 |
---------------+----------------------------------------------------------------------------------+-----
Throwing       | 2 3 4 6 8 10 11 12 14 15 20 | 20.6
Axes           | 5 6 7 9 10 12 15 17 19 21 23 24 25 26 27 | 27.0
Fighting       | 3 4 5 6 8 9 11 14 15 16 17 18 19 21 22 23 25 27 | 27.0
Invocations    | 1 2 3 5 6 8 9 11 12 13 14 15 16 17 18 19 20 21 22 23 27 | 27.0
Armour         | 6 8 10 12 13 14 15 16 17 18 20 27 | 27.0
Shields        | 3 6 8 10 11 12 13 15 16 17 18 20 27 | 27.0
Spellcasting   | 4 |  4.8
Dodging        | 10 | 10.7
Necromancy     | 3 |  3.0

Action                     |  1- 3 |  4- 6 |  7- 9 | 10-12 | 13-15 | 16-18 | 19-21 | 22-24 | 25-27 || total
---------------------------+-------+-------+-------+-------+-------+-------+-------+-------+-------++-------
  Melee: War axe           |    69 |   119 |   301 |   118 |       |       |   185 |       |       ||   792
         Punch             |     1 |       |     5 |       |     3 |       |       |       |       ||     9
         Hand axe          |       |       |    14 |       |       |       |       |       |       ||    14
         Battleaxe         |       |       |       |   251 |   522 |       |       |       |       ||   773
         Whip              |       |       |       |    37 |   105 |    56 |       |       |       ||   198
         Broad axe         |       |       |       |       |   299 |  1304 |   629 |  1487 |  4533 ||  8252
  Throw: Throwing net      |       |     3 |       |     1 |     1 |       |       |       |       ||     5
         Javelin           |       |     6 |     1 |    16 |     4 |     4 |     3 |       |     6 ||    40
         Boomerang         |       |       |       |       |       |    50 |    13 |    18 |    89 ||   170
 Invoke: Stomp             |       |       |     2 |     6 |    10 |    17 |     4 |    16 |    91 ||   146
         Line Pass         |       |       |       |     4 |     2 |     2 |       |     6 |    10 ||    24
         Grand Finale      |       |       |       |       |       |       |       |     3 |     8 ||    11
  Evoke: Wand              |       |       |       |       |       |       |       |     1 |       ||     1
    Use: Potion            |       |       |     1 |     1 |       |     9 |     6 |     3 |    27 ||    47
         Scroll            |       |       |     8 |     9 |    14 |    16 |     9 |     3 |    30 ||    89
   Stab: Held in net/web   |       |     2 |       |       |       |     1 |       |       |       ||     3
         Paralysed         |       |     1 |    21 |    36 |    71 |   115 |    95 |   283 |   595 ||  1217
         Sleeping          |       |       |       |     2 |       |       |       |       |       ||     2
         Confused          |       |       |       |     1 |       |     1 |       |     4 |     6 ||    12
         Petrified         |       |       |       |       |     1 |       |       |       |       ||     1
         Distracted        |       |       |       |       |       |       |     5 |       |       ||     5
 Armour: Leather armour    |     7 |       |       |       |       |       |       |       |       ||     7
         Ring mail         |    37 |    16 |       |       |       |       |       |       |       ||    53
         Scale mail        |       |    34 |    71 |       |       |       |       |       |       ||   105
         Chain mail        |       |       |    26 |       |       |       |       |       |       ||    26
         Steam dragon scal |       |       |    38 |   188 |   123 |       |       |       |       ||   349
         Plate armour      |       |       |       |       |   524 |  1042 |   395 |   630 |  1106 ||  3697
         Gold dragon scale |       |       |       |       |       |       |       |       |  1042 ||  1042
         Skin              |       |       |       |       |       |       |       |       |    42 ||    42
  Dodge: Dodged            |    66 |    67 |   140 |   219 |   298 |   274 |   135 |   268 |   888 ||  2355
  Block: Tower shield      |       |       |       |       |   173 |  1024 |   512 |   941 |  3917 ||  6567
         Reflection        |       |       |       |       |       |       |       |       |    82 ||    82
